AoeStats
← jonafaca

Fortress

510445649Analyzed
1v1 RM · 2d ago on Oct 1, 2026· 39m 54s· 2 players
Game mode
Random Map
Map size
Small (3 player)
Population
200
Speed
Normal
Resources
Standard
Victory
Conquest
Starting age
Dark Age
Ending age
Imperial Age
RankedLock teamsTeams togetherTeam positionsShared explorationLock speedFull tech treeHidden civsTurbo modeCheats
Victory
Defeat
🇨🇦 Vietnamese · Canada
977
+15
🇦🇷 Bulgarians · Argentina
952
-44
jonafaca
8:30 Feudal Age
13:41 Castle Age
17:33 Forging
19:43 Double-Bit Axe
19:56 Gold Mining
20:21 Horse Collar
20:38 Stone Mining
22:56 Iron Casting
22:27 Scale Barding Armor
23:24 Gold Shaft Mining
27:51 Imperial Age
27:36 Wheelbarrow
27:21 Stirrups
27:32 Scale Mail Armor
27:54 Chain Barding Armor
27:52 Bow Saw
28:13 Chain Mail Armor
28:44 Husbandry
28:55 Bloodlines
Accidenta11y
6:46 Feudal Age
12:53 Castle Age
11:44 Double-Bit Axe
11:42 Horse Collar
11:54 Gold Mining
14:33 Bow Saw
14:40 Crossbowman
16:08 Fletching
16:19 Padded Archer Armor
17:25 Stone Mining
20:28 Wheelbarrow
19:39 Town Watch
21:52 Hand Cart
29:08 Imperial Age
27:38 Husbandry
27:49 Bloodlines
27:38 Bodkin Arrow
27:54 Forging
27:50 Scale Barding Armor
28:01 Leather Archer Armor
28:15 Ballistics
31:38 Iron Casting
32:22 Chemistry
32:49 Bracer
32:21 Arbalester
37:45 Two-Man Saw
37:18 Elite Battle Elephant
39:16 Stone Shaft Mining
Connection lost

Rejoining the realm…

Still unreachable

The connection could not be restored.

Session expired

The server has moved on; the page needs a fresh start.